AoeStats
← CDS95

Arena

509117750Analyzed
2v2 RM · 5d ago on Sep 25, 2026· 36m 3s· 4 players
Game mode
Random Map
Map size
Medium (4 player)
Population
200
Speed
Normal
Resources
Standard
Victory
Conquest
Starting age
Dark Age
Ending age
Imperial Age
RankedLock teamsTeams togetherTeam positionsShared explorationLock speedFull tech treeHidden civsTurbo modeCheats
Victory
Defeat
🇧🇷 Persians · Brazil
978
+17
🇦🇷 Ethiopians · Argentina
919
+20
🇪🇸 Aztecs · Spain
1005
-19
🇪🇸 Vietnamese · Spain
1001
-18
moloneita
10:31 Feudal Age
14:39 Castle Age
13:01 Double-Bit Axe
16:18 Scale Barding Armor
18:04 Horse Collar
26:25 Wheelbarrow
27:06 Heavy Plow
31:25 Imperial Age
30:08 Bloodlines
29:18 Light Cavalry
30:20 Chain Barding Armor
30:30 Forging
30:57 Bow Saw
30:59 Husbandry
31:04 Loom
31:05 Town Watch
31:39 Cavalier
32:17 Gold Mining
34:03 Hand Cart
34:48 Plate Barding Armor
34:50 Iron Casting
36:08 Gold Shaft Mining
35:16 Heavy Scorpion
CANSERBERO
10:16 Feudal Age
8:35 Loom
14:02 Castle Age
28:19 Scale Mail Armor
28:30 Forging
30:36 Murder Holes
31:42 Double-Bit Axe
32:04 Horse Collar
33:51 Bow Saw
33:37 Gold Mining
34:25 Scale Barding Armor
35:34 Wheelbarrow
36:23 Chain Barding Armor
36:38 Iron Casting
Pat
5:53 Loom
11:34 Feudal Age
13:37 Double-Bit Axe
16:09 Castle Age
21:25 Scale Mail Armor
35:10 Wheelbarrow
35:16 Wheelbarrow
37:45 Imperial Age
35:22 Pikeman
CDS95
11:31 Feudal Age
15:29 Castle Age
14:06 Double-Bit Axe
15:31 Stone Mining
18:14 Crossbowman
20:37 Fletching
33:13 Loom
36:37 Imperial Age
35:02 Bow Saw
34:46 Horse Collar
Connection lost

Rejoining the realm…

Still unreachable

The connection could not be restored.

Session expired

The server has moved on; the page needs a fresh start.